 Dungeon Crawl Stone Soup version 0.16-a0-3250-g88dccf0 (webtiles) character file.

2284 Econoterrorist the Infuser (level 9, -11/54 HPs)
             Began as a High Elf Skald on Dec 23, 2014.
             Was a Follower of Sif Muna.
             Killed by an exploding giant spore (36 damage)
             ... on level 7 of the Dungeon.
             The game lasted 00:45:34 (11604 turns).

Econoterrorist the Infuser (High Elf Skald)        Turns: 11604, Time: 00:45:36

Health: -11/54     AC: 10    Str: 11    XL:     9   Next: 17%
Magic:  19/22      EV: 12    Int: 20    God:    Sif Muna [*.....]
Gold:   339        SH:  0    Dex: 15    Spells: 4 memorised, 7 levels left

rFire  . . .     SeeInvis .     m - +0 long sword
rCold  . . .     Clarity  .     g - +0 ring mail
rNeg   + . .     SustAb   .     (no shield)
rPois  .         Gourm    .     k - +0 helmet (curse)
rElec  .         Spirit   .     A - +0 cloak
rCorr  .         Warding  .     (no gloves)
rMut   .         Stasis   .     B - +2 pair of boots
MR     .....                    (no amulet)
Stlth  ..........               a - +2 ring of evasion
                                t - ring of positive energy

@: confused, shrouded, regenerating, not resistant to hostile enchantments,
extremely unstealthy
A: no striking features
a: Channel Energy, Renounce Religion


You were on level 7 of the Dungeon.
You worshipped Sif Muna.
Sif Muna was aware of your devotion.
You were hungry.

You visited 1 branch of the dungeon, and saw 7 of its levels.

You collected 339 gold pieces.

Inventory:

Hand weapons
 m - a +0 long sword (weapon)
Missiles
 j - 3 javelins of penetration (quivered)
Armour
 g - a +0 ring mail (worn)
 k - a cursed +0 helmet (worn)
 A - a +0 cloak (worn)
 B - a +2 pair of boots (worn)
Jewellery
 a - a +2 ring of evasion (right hand)
 l - a +3 ring of strength
 s - an uncursed ring of protection from fire
 t - a ring of positive energy (left hand)
 E - an uncursed ring of positive energy
Magical devices
 n - a wand of random effects (25)
 p - a wand of magic darts (14)
Scrolls
 b - 11 scrolls of identify
 e - 7 scrolls of teleportation
 h - 7 scrolls of remove curse {unknown}
 o - a scroll of enchant armour {unknown}
 r - 3 scrolls of recharging {unknown}
 u - a scroll of fog {unknown}
 w - a scroll of fear {unknown}
 x - 2 scrolls of blinking {unknown}
 y - a scroll of enchant weapon {unknown}
 D - a scroll of holy word {unknown}
Potions
 f - a potion of might {unknown}
 i - a potion of haste
 v - a potion of mutation {unknown}
 z - a potion of curing
 C - a potion of brilliance {unknown}
Books
 c - a book of Battle

   Spells                             Type                      Level
   a - Infusion                       Charms                       1
   b - Shroud of Golubria             Charms/Translocation         2
   c - Song of Slaying                Charms                       2
   d - Spectral Weapon                Hexes/Charms                 3
   e - Regeneration                   Charms/Necromancy            3
Comestibles
 d - 8 bread rations
 q - 2 meat rations
 F - 2 chunks of flesh


   Skills:
 - Level 2.0 Fighting
 - Level 8.3 Long Blades
 - Level 0.8 Armour
 - Level 1.1 Dodging
 - Level 4.0 Spellcasting
 - Level 3.2 Hexes
 - Level 9.0 Charms
 + Level 2.6 Necromancy
 - Level 3.5 Translocations
 + Level 3.4 Invocations


You had 7 spell levels left.
You knew the following spells:

 Your Spells              Type           Power        Failure   Level  Hunger
a - Infusion              Chrm           #####.       1%          1    None
b - Shroud of Golubria    Chrm/Tloc      ####......   2%          2    #......
c - Spectral Weapon       Hex/Chrm       ####....     6%          3    ###....
d - Regeneration          Chrm/Necr      ####......   8%          3    ###....


Dungeon Overview and Level Annotations

Branches:
Dungeon (7/15)
 Temple: D:4-7

Altars:
Ashenzari
Elyvilon
Makhleb
Nemelex Xobeh
Sif Muna
Zin
The Shining One

Shops:
D:4 *


Message History

You hit the orc warrior but do no damage.
You are feeling hungry.
The orc warrior hits you with an uncursed trident!
A giant spore comes into view.
You barely miss the orc warrior.
The giant spore waves its rhizomes.
The orc warrior hits you but does no damage.
You hit the orc warrior but do no damage.
The orc warrior closely misses you.
You hit the orc warrior but do no damage.
The orc warrior barely misses you.
Your ring mail prevents you from hitting the orc warrior.
Casting: Shroud of Golubria
Confirm with . or Enter, or press ? or * to list all spells.
Your skin crawls.
The giant spore explodes!
The explosion of spores engulfs you!
You are confused.
Ouch! That really hurt!
You die...

#.#...(..(... ...####
#........####
........###.##'#######
.......#.# #..#.).....#
........#.# ##.#.......#
........#.# #.........#
........#.# ##........#
.......o.#'### #........#
........@....####.......#
.................>..)...#
....%....(.)...........#
..?.......(((..........#
........####...........#
######## #...........#
#...........#
#...........#
#...........#


You could see an orc warrior.

Vanquished Creatures
  The ghost of Econoterrorist the Cudgeler, an experienced GrFi of Okawaru (D:4)
  A spriggan (D:7)
  Eustachio (D:7)
  An ice beast (D:6)
  A phantom (D:5)
  An orc warrior (D:6)
  A sky beast (D:5)
  2 ogres
  The ghost of Sientara the Skirmisher, an average GrFi (D:3)
  2 giant frogs
  A scorpion (D:7)
  3 crimson imps
  A jelly (D:6)
  A hound (D:5)
  2 orc priests
  A giant frog skeleton (D:4)
  A giant frog zombie (D:6)
  6 orc wizards
  4 worker ants
  An ogre zombie (D:4)
  A hound zombie (D:5)
  2 worker ant zombies
  2 hound skeletons
  Robin (D:2)
  10 gnolls
  5 adders
  3 shadow imps
  A white imp (D:7)
  A giant mite (D:2)
  3 worms
  An adder zombie (D:5)
  An adder skeleton (D:5)
  5 giant geckos
  21 orcs
  A bat skeleton (D:4)
  A bat zombie (D:5)
  4 giant cockroaches
  22 hobgoblins
  5 jackals
  17 kobolds
  An ooze (D:5)
  3 ball pythons
  10 bats
  A giant gecko skeleton (D:6)
  10 giant newts
  29 goblins
  A hobgoblin zombie (D:4)
  An orc zombie (D:7)
  3 quokkas
  A quokka skeleton (D:4)
  17 rats
217 creatures vanquished.

Vanquished Creatures (others)
  A spectral weapon (D:7)
1 creature vanquished.

Grand Total: 218 creatures vanquished

Notes
Turn   | Place    | Note
--------------------------------------------------------------
     0 | D:1      | Econoterrorist, the High Elf Skald, began the quest for the Orb.
     0 | D:1      | Reached XP level 1. HP: 14/14 MP: 4/4
   456 | D:1      | Reached XP level 2. HP: 16/19 MP: 6/6
   782 | D:1      | Learned a level 2 spell: Shroud of Golubria
  1035 | D:1      | Reached skill level 4 in Long Blades
  1260 | D:1      | Reached XP level 3. HP: 24/24 MP: 8/8
  1679 | D:2      | Found a burning altar of Makhleb.
  1830 | D:2      | Reached skill level 5 in Long Blades
  1864 | D:2      | Noticed Robin
  1922 | D:2      | Killed Robin
  1922 | D:2      | Reached XP level 4. HP: 16/29 MP: 9/11
  2388 | D:2      | Found a shattered altar of Ashenzari.
  3008 | D:2      | Reached skill level 6 in Long Blades
  3064 | D:2      | Reached XP level 5. HP: 2/34 MP: 4/12
  3515 | D:3      | Noticed Sientara's ghost (average GrFi)
  3571 | D:3      | HP: 1/34 [Sientara's ghost (11)]
  4627 | D:2      | Reached skill level 7 in Long Blades
  5153 | D:2      | Reached XP level 6. HP: 10/39 MP: 15/15
  5537 | D:3      | Found a sparkling altar of Nemelex Xobeh.
  5591 | D:3      | Killed Sientara's ghost
  5591 | D:3      | Reached skill level 8 in Long Blades
  5818 | D:4      | Noticed Econoterrorist's ghost (experienced GrFi)
  6092 | D:4      | Found Smuacvua's General Store.
  6158 | D:3      | Learned a level 3 spell: Spectral Weapon
  6162 | D:3      | Learned a level 3 spell: Regeneration
  6457 | D:4      | Reached skill level 5 in Charms
  6479 | D:4      | Reached XP level 7. HP: 12/45 MP: 17/17
  7197 | D:4      | Killed Econoterrorist's ghost
  7526 | D:5      | Entered Level 5 of the Dungeon
  7554 | D:5      | Found a glowing silver altar of Zin.
  7586 | D:5      | Found a deep blue altar of Sif Muna.
  7586 | D:5      | Found a white marble altar of Elyvilon.
  7651 | D:5      | Reached XP level 8. HP: 12/50 MP: 9/18
  7674 | D:5      | Became a worshipper of Sif Muna the Loreminder
  8311 | D:5      | Reached skill level 9 in Charms
  9102 | D:6      | Reached skill level 1 in Hexes
  9113 | D:6      | Reached skill level 1 in Translocations
  9309 | D:6      | Found a glowing golden altar of the Shining One.
  9352 | D:6      | Acquired Sif Muna's first power
 10602 | D:7      | Reached skill level 1 in Necromancy
 10602 | D:7      | Reached skill level 1 in Invocations
 10624 | D:6      | HP: 1/50 [giant frog (7)]
 11040 | D:7      | Reached XP level 9. HP: 28/54 MP: 20/22
 11472 | D:7      | Noticed Eustachio
 11509 | D:7      | Killed Eustachio
 11604 | D:7      | Killed by an exploding giant spore

Action                   |  1- 3 |  4- 6 |  7- 9 || total
-------------------------+-------+-------+-------++-------
Melee: Falchion          |   187 |    56 |       ||   243
       Long sword        |       |   274 |   443 ||   717
Throw: Javelin           |       |     4 |     8 ||    12
 Cast: Infusion          |     3 |     3 |     3 ||     9
       Shroud of Golubri |     2 |    19 |    23 ||    44
       Regeneration      |       |       |     4 ||     4
       Spectral Weapon   |       |       |     6 ||     6
  Use: Scroll            |     1 |       |     2 ||     3
       Potion            |       |     4 |     3 ||     7
  Eat: Chunk             |     3 |    11 |    13 ||    27
       Pizza             |       |     3 |     1 ||     4
       Beef jerky        |       |     1 |       ||     1
       Bread ration      |       |       |     1 ||     1
